AoeStats
← sergioguarin19

Arabia

509253505Analyzed
1v1 RM · 6d ago on Sep 26, 2026· 29m 9s· 2 players
Game mode
Random Map
Map size
Tiny (2 player)
Population
200
Speed
Normal
Resources
Standard
Victory
Conquest
Starting age
Dark Age
Ending age
Imperial Age
RankedLock teamsTeams togetherTeam positionsShared explorationLock speedFull tech treeHidden civsTurbo modeCheats
Victory
Defeat
🇨🇴 Malay · Colombia
1092
+15
🇲🇽 Mongols · Mexico
1072
-15
nesterales
6:11 Loom
8:14 Feudal Age
9:22 Double-Bit Axe
12:09 Wheelbarrow
19:18 Castle Age
18:23 Town Watch
21:03 Padded Archer Armor
21:31 Fletching
24:59 Elite Skirmisher
26:27 Leather Archer Armor
27:41 Bodkin Arrow
sergioguarin19
6:45 Loom
10:40 Feudal Age
17:49 Double-Bit Axe
22:45 Castle Age
21:32 Scale Barding Armor
23:52 Husbandry
27:10 Forging
28:51 Iron Casting
Connection lost

Rejoining the realm…

Still unreachable

The connection could not be restored.

Session expired

The server has moved on; the page needs a fresh start.